 Dungeon Crawl Stone Soup version 0.28.0-47-ge53b351184 (webtiles) character file.

Game seed: 10231032769390487356

128 Gabide the Ducker (level 5, -3/42 HPs)
             Began as a Human Monk on May 9, 2022.
             Was a Priest of Trog.
             Slain by an orc priest
             ... wielding a +2 flail of protection
              (11 damage)
             ... on level 3 of the Dungeon.
             The game lasted 00:03:01 (2272 turns).

Gabide the Ducker (Human Monk)                      Turns: 2272, Time: 00:03:02

Health: -3/42      AC:  2    Str: 14    XL:     5   Next: 33%
Magic:  5/5        EV: 14    Int: 10    God:    Trog [***...]
Gold:   26         SH:  0    Dex: 21    Spells: 4/4 levels left

rFire   . . .      SeeInvis .   f - +0 great mace
rCold   . . .      Faith    .   (shield currently unavailable)
rNeg    . . .      Spirit   .   b - +0 robe
rPois   .          Reflect  .   (no helmet)
rElec   .          Harm     .   (no cloak)
rCorr   .          Rampage  .   (no gloves)
Will    .....                   (no boots)
Stlth   ++........              (no amulet)
HPRegen 0.14/turn               j - +6 ring of dexterity
MPRegen 0.09/turn               (no ring)

@: no status effects
A: no striking features
a: Renounce Religion, Berserk, Trog's Hand


You were on level 3 of the Dungeon.
You worshipped Trog.
Trog was most pleased with you.
You visited 1 branch of the dungeon, and saw 3 of its levels.

You collected 26 gold pieces.

Inventory:

Hand Weapons
 f - a +0 great mace (weapon)
Armour
 b - a +0 robe (worn)
Jewellery
 a - a ring of ice
 j - a +6 ring of dexterity (left hand)
Scrolls
 c - a scroll of teleportation {unknown}
 d - a scroll of silence {unknown}
 h - a scroll of identify {unknown}
Potions
 e - 2 potions of might {unknown}
 g - a potion of heal wounds {unknown}
 i - a potion of haste {unknown}
 k - a potion of curing {unknown}
 l - a potion of degeneration {unknown}
 m - a potion of lignification {unknown}


   Skills:
 + Level 4.0 Fighting
 + Level 4.0 Maces & Flails
 + Level 4.0 Dodging
 - Level 2.0 Stealth


You had 4 spell levels left.
You didn't know any spells.
Your spell library was empty.

Dungeon Overview and Level Annotations

Branches:
Dungeon (3/15)

Altars:
Elyvilon
Nemelex Xobeh
Trog


Message History

You hit the kobold.
You kill the kobold!
Trog accepts your kill.
No target in view!
Things that are here:
a +0 dagger; 5 poisoned darts; a kobold corpse An orc priest comes into view.
It is wielding a +0 flail.
Found 15 bolts.
An orc priest comes into view.
It is wielding a +2 flail of protection.
The orc priest hits you with a +0 flail!
You barely miss the orc priest.
The orc priest mumbles some strange prayers to Beogh against you.
Pain shoots through your body!
The orc priest looks braver for a moment.
You closely miss the orc priest. The orc priest misses you.
You barely miss the orc priest. The orc priest completely misses you.
The orc priest hits you but does no damage.
You hit the orc priest.
The orc priest is moderately wounded.
The orc priest calls down the wrath of Beogh upon you.
Pain shoots through your body!
You sock the orc priest!
You kill the orc priest!
Trog accepts your kill.
Your Fighting skill increases to level 4!
Your Maces & Flails skill increases to level 4!
Your Dodging skill increases to level 4!
The orc priest shouts!
You hear a shout!
An orc comes into view. It is wielding a +0 club. x2
You hear an angry hiss.
You see here a +0 flail.
Found a broad axe.
You hit the orc.
The orc is heavily wounded.
The orc priest calls down the wrath of Beogh upon you.
Beogh smites you!
* * * LOW HITPOINT WARNING * * *
An orc wizard comes into view.
It is wielding a +0 dagger and wearing a +2 robe of resistance.
The orc priest hits you with a +2 flail of protection!
You die...

^_..##...######..#
.^^..##..# #..#
.^....##†# #P.## #
####..^#.# +...#.#
.#.#'.##.# #P....#
.#..###..#
#..##.####
###......#
#......(.#
.........###
##.#####..
.............###@#
.
...............o.#
.............###o#
###†....######


#oo #.....# #... #.....# #..#. #.....# #....# #.....# #... . #.....# #..#. ) You
could see an orc priest, an orc wizard and 2 orcs.

Vanquished Creatures
  An orc priest (D:3)
  2 adders (D:2)
  A worm (D:2)
  2 dart slugs (D:1)
  7 orcs
  8 endoplasms
  A giant cockroach (D:2)
  3 goblins
  5 hobgoblins
  4 jackals (D:3)
  5 kobolds
  2 quokkas (D:3)
  3 ball pythons
  9 bats
  3 frilled lizards
  5 rats
61 creatures vanquished.

Notes
Turn   | Place    | Note
-------+----------+-------------------------------------------
     0 | D:1      | Gabide the Human Monk began the quest for the Orb.
     0 | D:1      | Reached XP level 1. HP: 18/18 MP: 1/1
    81 | D:1      | Found a faded altar of an unknown god.
    86 | D:1      | Reached XP level 2. HP: 21/24 MP: 2/2
   156 | D:1      | Prayed at the altar of an unknown god.
   156 | D:1      | Became a worshipper of Trog the Wrathful
   156 | D:1      | Reached * piety under Trog
   156 | D:1      | Reached ** piety under Trog
   196 | D:1      | Reached XP level 3. HP: 17/25 MP: 3/3
   639 | D:2      | Reached *** piety under Trog
  1167 | D:2      | Reached XP level 4. HP: 34/34 MP: 4/4
  1933 | D:3      | Found a white marble altar of Elyvilon.
  2047 | D:3      | Found a sparkling altar of Nemelex Xobeh.
  2103 | D:3      | Reached XP level 5. HP: 22/42 MP: 5/5
  2272 | D:3      | Slain by an orc priest

Illustrated notes

Levels and vault maps discovered:
D:1:      dpeg_arrival_tiny_a, layout_rooms, ebering_ecumenical_altar_abandoned
D:2:      layout_rooms, st_stairs_3, minmay_misc_feat_ornament,
          chequers_serial_rivers_small_3, minmay_small_reverse_x
D:3:      layout_loops_cross, grunt_temple_overflow_order_and_chaos_1,
          nicolae_elyvilon_peaceful_grove, mainiacjoe_overflow_large_starburst,
          nemelex_spade_bored_becter, cheibrodos_gnoll_hut

Skill      XL: |  1  2  3  4  5 |
---------------+----------------+-----
Fighting       | 4 |  4.0
Maces & Flails | 4 |  4.0
Dodging        | 4 |  4.0
Stealth        | |  2.0

Action                   |  1- 3 |  4- 6 || total
-------------------------+-------+-------++-------
Melee: Mace              |    87 |       ||    87
       Great mace        |     1 |    64 ||    65
       Punch             |     1 |       ||     1
Invok: Berserk           |     3 |     2 ||     5
       Trog's Hand       |       |     1 ||     1
 Stab: Sleeping          |     1 |     3 ||     4
Armor: Robe              |    28 |     5 ||    33
Dodge: Dodged            |    88 |    48 ||   136
